 Dungeon Crawl Stone Soup version 0.26-a0-667-g92642533e4 (webtiles) character file.

Game seed: 18388058726353077826

52 grandjackal the Ducker (level 3, -1/28 HPs)
             Began as a Demonspawn Gladiator on Oct 17, 2020.
             Succumbed to a kobold's poison
             ... on level 1 of the Dungeon on Oct 18, 2020.
             The game lasted 00:02:05 (1047 turns).

grandjackal the Ducker (Demonspawn Gladiator)       Turns: 1047, Time: 00:02:05

Health: -1/28      AC:  3    Str: 15    XL:     3   Next: 60%
Magic:  3/3        EV: 13    Int:  9    God:
Gold:   64         SH:  0    Dex: 14    Spells: 2/2 levels left

rFire    . . .     SeeInvis .   a - +0 long sword
rCold    . . .     Faith    .   (no shield)
rNeg     . . .     Spirit   .   b - +0 leather armour
rPois    .         Reflect  .   (helmet restricted)
rElec    .         Harm     .   (no cloak)
rCorr    .         Rampage  .   (no gloves)
MR       .....                  (no boots)
Stlth    +.........             (no amulet)
HPRegen  0.09/turn              (no ring)
MPRegen  0.08/turn              (no ring)

@: lethally poisoned (-1 -> -41)
A: antennae 2
a: no special abilities


You were on level 1 of the Dungeon.
You visited 1 branch of the dungeon, and saw 3 of its levels.

You collected 64 gold pieces.

Inventory:

Hand Weapons
 a - a +0 long sword (weapon)
Missiles
 d - 3 throwing nets (quivered)
Armour
 b - a +0 leather armour (worn)


   Skills:
 + Level 2.7 Fighting
 + Level 3.2 Long Blades
 - Level 1.7 Throwing
 + Level 3.2 Dodging
 + Level 0.5 Stealth


You had 2 spell levels left.
You didn't know any spells.
Your spell library was empty.

Dungeon Overview and Level Annotations

Branches:
Dungeon (3/15)

Altars:


Innate Abilities, Weirdness & Mutations

You have a pair of antennae on your head.


Message History

No target in view!
You see here a rat corpse.
A kobold comes into view.
It is wielding a +2 short sword of venom.
A kobold is nearby!
A kobold is nearby!
The kobold shouts!
The kobold hits you with a +2 short sword of venom.
You are poisoned.
You hit the kobold but do no damage.
You feel sick.
The kobold hits you with a +2 short sword of venom!
You are lethally poisoned!
You closely miss the kobold.
You feel sick.
A rat comes into view.
The kobold hits you with a +2 short sword of venom.
You are more poisoned.
The kobold hits you with a +2 short sword of venom.
* * * LOW HITPOINT WARNING * * *
You are more poisoned.
You closely miss the kobold.
You die...

# # # # # # # #
.#. .# #r# #.#
#K# #.# # #@# #.#
# #.# #.# # ###
#.### #.# # #..
#...###.# # #.#
##......# # #.#
#####.)###.###
#.#
#.......†....####
#.#
#.###..###......#
# #.# #.# #..#
###.##.#


You could see a kobold and a rat (wandering).

Vanquished Creatures
  An adder (D:2)
  An ooze (D:1)
  A worm (D:2)
  A dart slug (D:1)
  2 leopard geckos (D:1)
  A bat (D:1)
  2 giant cockroaches (D:1)
  4 hobgoblins (D:1)
  4 jackals
  2 kobolds
  3 frilled lizards
  5 goblins
  4 rats (D:1)
31 creatures vanquished.

Notes
Turn   | Place    | Note
-------+----------+-------------------------------------------
     0 | D:1      | grandjackal the Demonspawn Gladiator began the quest for
                  | the Orb.
     0 | D:1      | Reached XP level 1. HP: 16/16 MP: 1/1
    50 | D:1      | Gained mutation: You have a pair of small antennae on your
                  | head. [demonic ancestry]
    50 | D:1      | Reached XP level 2. HP: 10/22 MP: 2/2
   321 | D:1      | You fall into a shaft and drop 1 floor!
   621 | D:3      | Gained mutation: You have a pair of antennae on your head.
                  | [demonic ancestry]
   621 | D:3      | Reached XP level 3. HP: 27/28 MP: 3/3
  1047 | D:1      | Succumbed to a kobold's poison

Illustrated notes

Levels and vault maps discovered:
D:1:      minmay_arrival_wavy_path, layout_loops_ring
D:2:      layout_basic, chequers_serial_rivers_micro_e, minmay_quadrilaterals
D:3:      layout_loops_ring

Skill      XL: |  1  2 |
---------------+-------+-----
Long Blades    | 3 |  3.2
Dodging        | 3 |  3.2
Fighting       | |  2.7
Throwing       | |  1.7
Stealth        | |  0.5

Action                   || total
-------------------------++-------
Melee: Long sword        ||    75
 Stab: Sleeping          ||     1
Armor: Leather armour    ||     9
Dodge: Dodged            ||    48
       Rpst.: Long sword ||    12

Table legend: (Time is in decaauts)
 A = Elapsed time spent in this place.
 B = Non-inter-level travel time spent in this place.
 C = Inter-level travel time spent in this place.
 D = Time resting spent in this place.
 E = Time spent auto-exploring this place.
 F = Levels seen in this place.
 G = Mean time per level.
                   A        B        C        D        E       F      G
               +--------+--------+--------+--------+--------+-----+--------+
         Total |   1067 |   1067 |      0 |    408 |    448 |   3 |  355.7 |
       Dungeon |   1067 |   1067 |      0 |    408 |    448 |   3 |  355.7 |
               +--------+--------+--------+--------+--------+-----+--------+

Top non-repeatable levels by time:
     D:1: 720 daAuts
     D:2: 313 daAuts
     D:3: 34 daAuts
